[Event "*** Titled Tuesday Blitz"]
[Site "Chess.com"]
[Date "2019.08.06"]
[Round "4"]
[White "guillembaches"]
[Black "Spring199"]
[Result "1-0"]
[WhiteElo "2322"]
[BlackElo "2206"]
[TimeControl "180+2"]
[EndTime "13:51:56 PDT"]
[Termination "guillembaches won by resignation"]

1. e4 e5 2. Nf3 Nc6 3. Nc3 Nf6 4. d4 exd4 5. Nxd4 Bb4 6. Nxc6 bxc6 7. Bd3 O-O 8. O-O d5 9. Bd2 Bxc3 10. Bxc3 Nxe4 11.
Bxe4 dxe4 12. Qe2 Re8 13. Rad1 Qg5 14. Qe3 Qxe3 15. fxe3 Bg4 16. Rd4 c5 17. Rd5 Be6 18. Rxc5 Re7 19. Rf4 f5 20. a4 Rd8 21. Rf1 Red7 22.
Kf2 Kf7 23. h4 Re7 24. Ra5 c6 25. Kg3 Rd5 26. Ra6 c5 27. Kf4 g6 28. Rc6 h6 29.
a5 Rb7 30. g4 Rbd7 31. h5 gxh5 32. gxh5 R7d6 33. Rc7+ Rd7 34. Rc8 Rd1 35. Rxd1 Rxd1 36. Rc7+ Kf8 37. Rxa7 Rf1+ 38. Ke5 Bc4 39. Kf6 Ke8 40. Be5 f4 41. Bxf4 Rf2 42. b3 Bd5 43. c4 Bc6 44. Rc7 Bd7 45. a6 Ra2 46. a7 Kd8 47.
Rb7 Bc6 48. Rg7 Bd7 49. Rg8+ Be8 50. Bc7+ Kxc7 51. Rxe8 Rxa7 52. Re7+ Kb6 53. Rxa7 Kxa7 54. Ke7 Kb6 55. Kd6 Ka5 56. Kxc5 1-0

[Event "*** Titled Tuesday Blitz"]
[Site "Chess.com"]
[Date "2019.08.06"]
[Round "4"]
[White "eljanov"]
[Black "GMKrikor"]
[Result "1-0"]
[WhiteElo "2802"]
[BlackElo "2659"]
[TimeControl "180+2"]
[EndTime "13:52:00 PDT"]
[Termination "eljanov won by resignation"]

1. Nf3 c5 2. g3 Nc6 3. Bg2 g6 4. c4 Bg7 5. O-O d6 6. Nc3 Bf5 7.
d3 Qd7 8. Re1 Bh3 9. Bh1 Nf6 10.
Rb1 O-O 11. a3 b6 12. b4 Rad8 13. Qa4 Rc8 14. Bd2 h6 15. b5 Nd4 16. Nxd4 cxd4 17. Nd5 Nxd5 18. Bxd5 e5 19. Qa6 Kh7 20. a4 f5 21. a5 Rb8 22. Ra1 Qe7 23. axb6 axb6 24. Qa7 Qf6 25. Qc7 f4 26. gxf4 exf4 27. Ra7 Rbe8 28. Bxf4 g5 29. Bg3 Be6 30. Qxd6 h5 31. Qe5 Bxd5 32. Qxf6 Rxf6 33. cxd5 Rf5 34. d6 h4 35. d7 Rd8 36. Bc7 Rxd7 37. Rb1 Rdd5 38. Bxb6 Kg6 39. Ra6 Kh5 40. h3 Rxb5 41. Rxb5 Rxb5 42.
Kg2 Be5 43. Ra5 Rxb6 44. Rxe5 Rb2 45. Re4 Ra2 46. Kf3 Ra4 47. e3 Ra1 48. Rxd4 Rh1 49. Kg2 Rd1 50. e4 g4 51. Rd5+ 1-0

[Event "*** Titled Tuesday Blitz"]
[Site "Chess.com"]
[Date "2019.08.06"]
[Round "4"]
[White "Aknok"]
[Black "Lagmantr"]
[Result "1-0"]
[WhiteElo "2443"]
[BlackElo "2670"]
[TimeControl "180+2"]
[EndTime "13:52:00 PDT"]
[Termination "Aknok won by checkmate"]

1. d4 d5 2. c4 Nc6 3. Nf3 Bg4 4. cxd5 Bxf3 5. gxf3 Qxd5 6. e3 e5 7. Nc3 Bb4 8. Bd2 Bxc3 9. bxc3 exd4 10. cxd4 Nge7 11. Rg1 O-O-O 12. Qb3 Qxb3 13. axb3 g6 14. Bc4 f5 15. b4 a6 16. b5 axb5 17. Bxb5 Kb8 18. Ra4 Nd5 19.
Bxc6 bxc6 20. Ke2 Kc8 21. Rc1 Kd7 22. Rac4 Rhe8 23. Rxc6 Re6 24. Rxe6 Kxe6 25. e4 fxe4 26. fxe4 Nf6 27. d5+ Kd7 28. f3 Ra8 29. Rc2 Re8 30. Kd3 Ra8 31. Bf4 Ne8 32. Be5 Ra3+ 33. Ke2 Nd6 34.
Kf2 Nb5 35. Kg3 Rd3 36. h4 Rd1 37. Kf4 Rg1 38. Rb2 Nd6 39. Rc2 Nb5 40. Rc5 Nd6 41.
Rc6 Nf7 42. Rxc7+ Ke8 43. Bf6 Nd6 44. Rxh7 Nf7 45. e5 Re1 46. e6 Nd6 47. Rh8# 1-0

[Event "*** Titled Tuesday Blitz"]
[Site "Chess.com"]
[Date "2019.08.06"]
[Round "4"]
[White "Morscas"]
[Black "Sveta10"]
[Result "1-0"]
[WhiteElo "2196"]
[BlackElo "2067"]
[TimeControl "180+2"]
[EndTime "13:52:01 PDT"]
[Termination "Morscas won by resignation"]

1. e4 c5 2. Nf3 e6 3. b3 Nc6 4.
Bb2 Nf6 5. e5 Nd5 6. Bd3 Nf4 7.
Bf1 Be7 8. g3 Ng6 9. Bg2 Qc7 10.
Qe2 O-O 11. h4 Bd8 12. h5 Nge7 13. Nc3 h6 14. Ne4 Nf5 15. O-O-O d5 16. exd6 Nxd6 17.
Nxc5 Nb4 18. d4 Nxa2+ 19. Kb1 Nb4 20. Ne5 Rb8 21. Ne4 Nxe4 22. Bxe4 Bd7 23. Nxd7 Qxd7 24. Qg4 f5 25. Qf4 Bc7 26. Qd2 fxe4 27. Qxb4 Rxf2 28.
Rhe1 Bd6 29. Qa5 Rc8 30. Rc1 b6 31. Qa6 Bxg3 32. Rxe4 Bf4 33. Rf1 Rcxc2 34. Rxf2 Rxf2 35. Qc4 Bg5 36. Rxe6 Kh8 37. d5 Rf8 38. Rg6 Bf6 39. Qf4 Qe7 40. d6 Qe1+ 41. Ka2 Qa5+ 42. Qa4 Qxa4+ 43.
bxa4 Bxb2 44. Kxb2 Rd8 45. Kc3 Kg8 46. Kc4 Kf7 47.
Kd5 a6 48. Rg2 b5 49. axb5 axb5 50. Rf2+ Ke8 51. Ke6 Rb8 52. d7+ Kd8 53. Rf8+ Kc7 54. Rxb8 Kxb8 55. d8=Q+ 1-0

[Event "*** Titled Tuesday Blitz"]
[Site "Chess.com"]
[Date "2019.08.06"]
[Round "4"]
[White "Kimster98"]
[Black "Ba_clbaf_osed_ingo_3v21"]
[Result "1/2-1/2"]
[WhiteElo "2602"]
[BlackElo "2531"]
[TimeControl "180+2"]
[EndTime "13:52:05 PDT"]
[Termination "Game drawn - insufficient material"]

1. Nf3 Nf6 2. g3 g6 3. b3 Bg7 4.
Bb2 O-O 5. Bg2 d5 6. c4 c6 7. O-O Bg4 8. d3 Nbd7 9. Nbd2 Bxf3 10. Nxf3 Re8 11. d4 Ne4 12. Nd2 Nxd2 13. Qxd2 e6 14.
Qc2 Rc8 15. Rfd1 Qb6 16. e4 dxe4 17. Bxe4 Red8 18. Rd2 Nf6 19. Bg2 Rd7 20. Rad1 Rcd8 21. Bc3 Ne8 22. d5 cxd5 23. Bxg7 Kxg7 24. cxd5 exd5 25.
Rxd5 Rxd5 26. Rxd5 Rxd5 27. Bxd5 Nf6 28. Bf3 h5 29. h4 Ng4 30. Qc3+ f6 31. Bxg4 hxg4 32. Qc4 f5 33. Qd5 a6 34. Qe5+ Qf6 35. Qc7+ Qf7 36.
Qxf7+ Kxf7 37. Kf1 g5 38. hxg5 Kg6 39. Ke2 Kxg5 40. Ke3 Kf6 41. Kf4 a5 42. a4 b6 43. f3 gxf3 44. Kxf3 Kg5 45. Ke3 Kg4 46. Kf2 f4 47. gxf4 Kxf4 48. Ke2 Ke4 49. Kd2 Kd4 50. Kc2 Kd5 51. Kd3 Kc5 52. Kc3 b5 53. axb5 Kxb5 54. Kb2 Kb4 55. Ka2 a4 56. bxa4 Kxa4 1/2-1/2

[Event "*** Titled Tuesday Blitz"]
[Site "Chess.com"]
[Date "2019.08.06"]
[Round "4"]
[White "AbasovN"]
[Black "Airquake"]
[Result "1-0"]
[WhiteElo "2890"]
[BlackElo "2627"]
[TimeControl "180+2"]
[EndTime "13:52:11 PDT"]
[Termination "AbasovN won on time"]

1. e4 c5 2. Nf3 d6 3. Nc3 Nf6 4.
e5 dxe5 5. Nxe5 e6 6. Bb5+ Nbd7 7.
d4 a6 8. Bxd7+ Nxd7 9. Qh5 g6 10.
Qf3 Nxe5 11. dxe5 Bg7 12. Bf4 g5 13. Bg3 h5 14. Ne4 g4 15. Qe3 Qd4 16. Nd6+ Kf8 17.
Qg5 Bd7 18. O-O f6 19. Qg6 Be8 20. Nxe8 Rxe8 21. Rad1 Rh6 22. Qxe8+ Kxe8 23. Rxd4 cxd4 24. Re1 fxe5 25. Bxe5 Bxe5 26. Rxe5 Kd7 27. Re4 e5 28. Rxe5 Kd6 29. Rg5 Rh8 30. Kf1 Rc8 31. c3 dxc3 32. bxc3 Rxc3 33. Rxh5 Rc1+ 34. Ke2 Rc2+ 35. Ke3 Rxa2 36.
Rg5 b5 37. Rxg4 a5 38. h4 b4 39. h5 Rc2 40. h6 b3 41. h7 Rc8 42. Rg8 b2 43.
h8=Q b1=Q 44. Qd4+ Ke6 45. Qg4+ Kf7 46. Qg7+ Ke6 47. Qh6+ Kd5 48. Qh5+ Kd6 49. Rg6+ Kc7 50. Qc5+ Kb7 51. Rg7+ 1-0

[Event "*** Titled Tuesday Blitz"]
[Site "Chess.com"]
[Date "2019.08.06"]
[Round "4"]
[White "M1711"]
[Black "hurricane7791"]
[Result "1/2-1/2"]
[WhiteElo "2539"]
[BlackElo "2716"]
[TimeControl "180+2"]
[EndTime "13:52:11 PDT"]
[Termination "Game drawn by repetition"]

1. d4 Nf6 2. Bg5 d5 3. e3 c6 4. Nd2 Bf5 5. Ngf3 e6 6. c4 Nbd7 7. Qb3 Qb6 8. c5 Qxb3 9. axb3 a6 10. b4 Rc8 11. Nb3 Be7 12. Na5 b5 13. cxb6 Bxb4+ 14. Kd1 Nxb6 15. Bxa6 Ra8 16. Nxc6 Bd6 17. Ke2 O-O 18.
Bd3 Ne4 19. Bh4 f6 20. Bg3 Bxg3 21. hxg3 Kf7 22. Nh4 Rfc8 23. Nxf5 Rxc6 24. Nh4 f5 25. Nf3 Kf6 26. Rxa8 Nxa8 27. Ne5 Rc7 28. b4 Ra7 29. Bxe4 fxe4 30. Rxh7 Ra2+ 31. Ke1 Nb6 32. Rh8 Rb2 33. Rf8+ Kg5 34. f4+ exf3 35. gxf3 g6 36. f4+ Kh6 37. Rf6 Na4 38. Rxg6+ Kh7 39. Rxe6 Nc3 40. Nf3 Rxb4 41. g4 Kg7 42. f5 Ne4 43. g5 Rb1+ 44. Ke2 Rb2+ 45. Kd1 Rf2 46. f6+ Kf7 47. Re7+ Kg6 48.
Ne5+ Kxg5 49. Rg7+ Kxf6 50. Rf7+ Ke6 51. Rxf2 Nxf2+ 52.
Ke2 Ne4 53. Nd3 Kf5 54. Nb4 Nf6 55. Kd3 Ke6 56. Nc2 Ne4 57. Ne1 Kf5 58. Ng2 Nf2+ 59. Ke2 Ne4 60. Nf4 Nf6 61. Kd3 Kg5 62. Ke2 Kf5 63. Kf3 Kg5 64. Kg3 Ne4+ 65. Kf3 Nf6 66. Ke2 Kf5 1/2-1/2

[Event "*** Titled Tuesday Blitz"]
[Site "Chess.com"]
[Date "2019.08.06"]
[Round "4"]
[White "adriangschnitzer"]
[Black "DiogenesSinopeus"]
[Result "1-0"]
[WhiteElo "2565"]
[BlackElo "2406"]
[TimeControl "180+2"]
[EndTime "13:52:12 PDT"]
[Termination "adriangschnitzer won by resignation"]

1. d4 Nf6 2. g3 d5 3. Bg2 c6 4. Nf3 Bf5 5. c4 Nbd7 6. Nc3 e6 7. Nh4 Bg4 8. h3 Bh5 9. g4 Ne4 10. Nxe4 dxe4 11. gxh5 Qxh4 12. Qb3 Rb8 13. Be3 Be7 14. O-O-O Bg5 15. Kb1 Bxe3 16. Qxe3 Nf6 17. Rdg1 O-O 18. f3 Nxh5 19. fxe4 Qf4 20. Qxf4 Nxf4 21. Bf3 e5 22. d5 Ng6 23. h4 Rfd8 24. Bg4 Ne7 25. Rh2 c5 26. a4 b6 27. Rf2 Nc8 28. Bxc8 Rbxc8 29. Rf5 Re8 30. Rgg5 h6 31. Rg3 Rcd8 32. Kc2 Rd6 33. h5 Kf8 34. Rgf3 Re7 35. Kb3 Ke8 36. Ka3 f6 37. Rb3 Kf7 38. Rff3 a5 39. Rb5 Ra7 40. Kb3 Ra8 41. Rg3 Rg8 42. Kc2 g5 43. Kd3 Ke7 44.
Ke3 Rf8 45. Rf3 f5 46. exf5 Kf6 47. Ke4 Re8 48. Rfb3 Rb8 49. Rxc5 g4 50. Rc6 Rxc6 51. dxc6 Kg5 52. Kxe5 Kh4 53. Kd6 g3 54. Rxg3 Kxg3 55. c7 Rf8 56. Ke7 Rh8 57. f6 1-0

[Event "*** Titled Tuesday Blitz"]
[Site "Chess.com"]
[Date "2019.08.06"]
[Round "4"]
[White "Annawel"]
[Black "HomayoonTofighi"]
[Result "0-1"]
[WhiteElo "2988"]
[BlackElo "2841"]
[TimeControl "180+2"]
[EndTime "13:52:16 PDT"]
[Termination "HomayoonTofighi won by resignation"]

1. e4 d5 2. exd5 Qxd5 3. Nc3 Qa5 4. d4 Nf6 5. Bc4 Bg4 6. f3 Bf5 7. Ne2 Nc6 8. Bd2 O-O-O 9. Nd5 Qa4 10. Bb3 Qa6 11. c4 e6 12. Nxf6 gxf6 13. Bc3 Nxd4 14. Nxd4 Bc5 15. Qd2 Bxd4 16. Bxd4 e5 17. O-O Rxd4 18.
Qh6 Bg6 19. Rf2 Rhd8 20. h4 Qb6 21. h5 Rd2 22. Rf1 Bf5 23. g4 Rxf2 24. Rxf2 Bd3 25.
c5 Qxc5 26. Qxf6 a5 27. Bxf7 Rf8 28. g5 Bc4 29. g6 hxg6 30. hxg6 Bxf7 31. gxf7 Qd5 32.
Rg2 Qxf7 33. Qxf7 Rxf7 34. Rg3 Kd7 35. Kg2 Kd6 36. Rg4 Kd5 37. Kf2 Rf4 38. Rg7 Rc4 39.
Rd7+ Ke6 40. Rd2 b5 41. Ke3 a4 42. a3 c5 43. Rh2 Kd5 44. Kd3 Rf4 45. Ke3 b4 46. Rc2 Rh4 47. Rd2+ Kc4 48. Rc2+ Kd5 49. Rd2+ Kc4 50. Rc2+ Kb3 51. Rxc5 Kxb2 52. axb4 Rxb4 53. Rxe5 a3 54. Rh5 a2 55. Rh2+ Ka3 56. Rh1 Rb1 57. Rh8 a1=Q 58. Ra8+ Kb4 59. Rxa1 Rxa1 60. Kd4 Rf1 61.
Ke4 Kc5 62. f4 Kd6 0-1

[Event "*** Titled Tuesday Blitz"]
[Site "Chess.com"]
[Date "2019.08.06"]
[Round "4"]
[White "vladimirdamjanovic"]
[Black "MITerryble"]
[Result "0-1"]
[WhiteElo "2633"]
[BlackElo "2882"]
[TimeControl "180+2"]
[EndTime "13:52:18 PDT"]
[Termination "MITerryble won by resignation"]

1. e4 e6 2. d4 d5 3. Nc3 Nf6 4. Bg5 Bb4 5. Ne2 dxe4 6. a3 Be7 7. Bxf6 Bxf6 8. Nxe4 O-O 9. Qd3 e5 10. O-O-O Nd7 11. d5 Be7 12. g4 Nc5 13. Nxc5 Bxc5 14. f3 f5 15. Kb1 Kh8 16. Ng3 fxg4 17. fxg4 Bxg4 18. Be2 Bd7 19. Qe4 Rf4 20. Qxe5 Bd6 21. Qh5 Qh4 22. Qxh4 Rxh4 23. Rdf1 Re8 24. Bd3 g6 25. b4 Kg8 26. Kb2 b6 27. Kb3 a5 28.
c3 Re3 29. Bc2 Be5 30. Ne4 Rhxe4 31. Bxe4 Rxe4 32. Re1 Rxe1 33. Rxe1 Bxh2 34. Re7 Bf5 35. bxa5 bxa5 36. Ka4 g5 37. Kxa5 g4 38. Kb5 Bd6 39.
Re1 g3 40. Kc6 g2 41. Rg1 Be4 42. a4 Bh2 43. Rxg2+ Bxg2 44. a5 Bf1 45. Kc5 h5 46. c4 h4 47. a6 h3 48. a7 Bg1+ 49. Kc6 Bxa7 50. Kxc7 Bxc4 51. d6 Bb5 52. Kb7 Bc5 53. d7 Bxd7 54. Kc7 Bb5 55. Kd8 h2 56. Kc7 h1=Q 57.
Kd8 Qd5+ 58. Kc8 Qd7+ 59. Kb8 Ba7+ 0-1

[Event "*** Titled Tuesday Blitz"]
[Site "Chess.com"]
[Date "2019.08.06"]
[Round "4"]
[White "GianmarcoVaR"]
[Black "Marcus_Harvey"]
[Result "1/2-1/2"]
[WhiteElo "2569"]
[BlackElo "2766"]
[TimeControl "180+2"]
[EndTime "13:52:20 PDT"]
[Termination "Game drawn by repetition"]

1. c4 Nf6 2. g3 g6 3. Bg2 Bg7 4. Nc3 O-O 5. Nf3 d5 6. cxd5 Nxd5 7. O-O c5 8. d3 Nc6 9. Bd2 b6 10. Qc1 Bb7 11. Bh6 Nf6 12. Bxg7 Kxg7 13. Nd2 e5 14.
Rd1 Qe7 15. Nde4 Nxe4 16. dxe4 Rfd8 17. Nd5 Qf8 18. e3 Rd6 19. Qc3 Rad8 20. Rd2 f6 21. Rad1 Qf7 22. a3 Ne7 23. b4 Nxd5 24.
exd5 cxb4 25. axb4 Qd7 26. e4 Rc8 27. Qa1 a6 28. Rc1 Rxc1+ 29. Qxc1 Qe7 30. Rc2 f5 31. exf5 Bxd5 32. fxg6 Bxg2 33. Kxg2 hxg6 34. Rc7 Rd7 35. Rxd7 Qxd7 36. Qe3 Qd5+ 37. Kh3 Qd4 38. Qg5 Qd7+ 39. g4 Qd6 40. f3 a5 41. bxa5 bxa5 42. Qe3 a4 43.
Qa7+ Kh6 44. Qxa4 Qd3 45. Qe4 Qf1+ 46. Kg3 Qg1+ 47. Kh3 Qf2 48. g5+ Kxg5 49. Qxe5+ Kh6 50. Qh8+ Kg5 51. Qe5+ Kh6 52. Qf4+ Kg7 53. Qe5+ Kf7 54.
Qf4+ Kg7 55. Qc7+ Kh6 56. Qf4+ Kg7 1/2-1/2

[Event "*** Titled Tuesday Blitz"]
[Site "Chess.com"]
[Date "2019.08.06"]
[Round "4"]
[White "medalja"]
[Black "Ceejay271"]
[Result "1-0"]
[WhiteElo "2363"]
[BlackElo "2231"]
[TimeControl "180+2"]
[EndTime "13:52:20 PDT"]
[Termination "medalja won by resignation"]

1. d4 Nf6 2. c4 e6 3. Nf3 d5 4. g3 Bb4+ 5. Bd2 Be7 6. Bg2 O-O 7. O-O Nbd7 8. Qc2 Ne4 9. Bf4 c6 10. Nc3 f5 11. Rad1 g5 12. Bc1 g4 13. Ne5 Nd6 14. cxd5 exd5 15. Bh6 Rf6 16. Bg5 Rf8 17. Bh6 Rf6 18. Bf4 Rf8 19. Qc1 Nf6 20. Bh6 Nf7 21.
Bxf8 Bxf8 22. f3 Bh6 23. Qc2 Be3+ 24. Kh1 Nd6 25. Qd3 f4 26. fxg4 Bxg4 27. gxf4 Nf5 28.
Nxg4 Nxg4 29. Qxf5 Nf2+ 30. Rxf2 Bxf2 31. Qe6+ Kh8 32.
Qe5+ Kg8 33. Rd3 Qe8 34. Qg5+ Kh8 35. Qf6+ Kg8 36. Rh3 Qg6 37. Qxg6+ hxg6 38. e3 Re8 39. Nd1 Be1 40. Bf3 Bd2 41. Bg4 Kg7 42. Kg2 Re7 43. Kf2 b6 44. Ke2 Bc1 45. Kd3 c5 46. b3 Rc7 47. Bf3 c4+ 48. bxc4 dxc4+ 49. Kc2 Ba3 50. Rg3 Kf6 51. Be4 Rg7 52. h4 b5 53. Nc3 a6 54.
Nd5+ Ke6 55. h5 b4 56. Rxg6+ Rxg6 57. hxg6 a5 58. Nb6 c3 59. f5+ Kf6 60. Nd7+ Ke7 61. f6+ Kxd7 62. g7 1-0

[Event "*** Titled Tuesday Blitz"]
[Site "Chess.com"]
[Date "2019.08.06"]
[Round "4"]
[White "cancrushyou"]
[Black "LastHeroJr"]
[Result "1-0"]
[WhiteElo "2507"]
[BlackElo "2512"]
[TimeControl "180+2"]
[EndTime "13:52:21 PDT"]
[Termination "cancrushyou won by resignation"]

1. Nf3 Nf6 2. e3 g6 3. c4 Bg7 4. Nc3 O-O 5. Be2 d6 6. O-O e5 7.
d4 e4 8. Nd2 Re8 9. Qc2 Bf5 10.
b4 Nbd7 11. Bb2 h5 12. a4 Nf8 13. Nd5 Nxd5 14. cxd5 h4 15. h3 Nh7 16. Rfc1 Rc8 17.
Qd1 Nf6 18. Qb3 g5 19. Nc4 g4 20. hxg4 Bxg4 21. Qd1 Bxe2 22. Qxe2 Nxd5 23. Na5 Rb8 24.
Qg4 Kf8 25. b5 Nb4 26. Bc3 Nd3 27. Rf1 Qf6 28. f3 Qe6 29. Qxh4 Bf6 30. Qh6+ Bg7 31. Qxg7+ Kxg7 32. d5+ Qe5 33. Bxe5+ Rxe5 34. Ra3 Nc5 35. Nc4 Rxd5 36. fxe4 Nxe4 37. Rf4 Nf6 38. e4 Rd1+ 39. Kf2 Re8 40. Rg3+ Kf8 41. Rxf6 Rd4 42. Ne3 Rdxe4 43. Nf5 R8e5 44. Nh6 Ke7 45. Rxf7+ Ke6 46. Rg6+ Kd5 47. Rf3 Rxa4 48. Nf7 Re7 49. Rg5+ Kc4 50. Rf4+ Kb3 51.
Rg3+ Kb2 52. Rxa4 Rxf7+ 53. Rf3 1-0

[Event "*** Titled Tuesday Blitz"]
[Site "Chess.com"]
[Date "2019.08.06"]
[Round "4"]
[White "Oleg_Papayan"]
[Black "m3alam"]
[Result "0-1"]
[WhiteElo "2523"]
[BlackElo "2324"]
[TimeControl "180+2"]
[EndTime "13:52:25 PDT"]
[Termination "m3alam won by resignation"]

1. e4 c6 2. d4 d5 3. Nc3 dxe4 4. Nxe4 Bf5 5. Ng3 Bg6 6. Nf3 Nd7 7. h4 h6 8. h5 Bh7 9. Bd3 Bxd3 10. Qxd3 e6 11. Bd2 Ngf6 12. O-O-O Bd6 13. Nf1 Qc7 14. Ne3 Rd8 15.
g3 Be7 16. Nc4 O-O 17. Bf4 Qc8 18. Nd6 Qa8 19. Rhe1 Nxh5 20. Nf5 exf5 21. Rxe7 Nxf4 22. gxf4 Nf6 23. Qxf5 Nd5 24. Re4 Qc8 25. Nh4 Qxf5 26. Nxf5 g6 27. Ne3 f5 28. Re5 Nxf4 29. c3 Kf7 30. Nc4 Kf6 31. Kd2 h5 32. Rh1 Rh8 33. Ke3 g5 34. Kf3 Nd3 35. Re3 g4+ 36. Ke2 Nf4+ 37. Kd2 c5 38. Kc2 cxd4 39. cxd4 Rxd4 40.
b3 b5 41. Na5 Rc8+ 42. Rc3 Rxc3+ 43. Kxc3 Rd3+ 44. Kb4 Rf3 45. Kxb5 Rxf2 46. Nc4 Rxa2 47.
Rf1 Kg5 48. Nd6 g3 49. Nf7+ Kg4 50. Ne5+ Kg5 51. Nf3+ Kf6 52. Kc4 Rf2 53. Rxf2 gxf2 54. Nh2 Kg5 55. Kd4 Kh4 0-1

[Event "*** Titled Tuesday Blitz"]
[Site "Chess.com"]
[Date "2019.08.06"]
[Round "4"]
[White "Genghis_K"]
[Black "JonahWillow"]
[Result "1-0"]
[WhiteElo "2878"]
[BlackElo "2643"]
[TimeControl "180+2"]
[EndTime "13:52:27 PDT"]
[Termination "Genghis_K won on time"]

1. e4 c5 2. Nf3 e6 3. g3 d5 4.
exd5 exd5 5. d4 Nf6 6. Bg2 Be7 7.
O-O O-O 8. dxc5 Bxc5 9. a3 Nc6 10. Nc3 h6 11. b4 Bb6 12. Bb2 Bg4 13. h3 Bh5 14. g4 Bg6 15. Nh4 Be4 16. Nxe4 dxe4 17. Nf5 Re8 18. Qxd8 Raxd8 19. Rfd1 Ne5 20. Nd6 Rxd6 21.
Rxd6 Nc4 22. Rxf6 gxf6 23. Bxf6 e3 24. fxe3 Nxe3 25. Kh1 Nxg2 26. Kxg2 Re2+ 27. Kg3 Rxc2 28. Rd1 Kh7 29. Rd7 Kg6 30. Be5 Ra2 31. h4 Rxa3+ 32. Kf4 Be3+ 33. Ke4 Bc1 34. Rd6+ Kh7 35. h5 Re3+ 36. Kd4 Re1 37. Bg3 Rd1+ 38. Kc5 Be3+ 39. Kb5 a6+ 40. Kc4 b5+ 41. Kc3 Rxd6 42. Bxd6 Kg7 43. Kd3 Bg1 44. Ke4 f6 45. Kd5 Kf7 46. Bf4 f5 47. gxf5 Kf6 48. Ke4 Bf2 49. Bxh6 Be1 50.
Bf8 Kf7 51. Bc5 Kg7 52. Ke5 Kh6 53. f6 Bc3+ 54. Ke6 a5 55. bxa5 1-0

[Event "*** Titled Tuesday Blitz"]
[Site "Chess.com"]
[Date "2019.08.06"]
[Round "4"]
[White "NoGalloNoParty"]
[Black "JMatias"]
[Result "0-1"]
[WhiteElo "2312"]
[BlackElo "2460"]
[TimeControl "180+2"]
[EndTime "13:52:31 PDT"]
[Termination "JMatias won by resignation"]

1. d4 e6 2. c4 Nf6 3. g3 d5 4.
Bg2 dxc4 5. Nf3 a6 6. a4 Nc6 7.
O-O Rb8 8. e3 Be7 9. Nfd2 Na5 10. Qc2 c5 11. Nxc4 Nxc4 12. Qxc4 cxd4 13. exd4 Bd7 14. Qb3 Bc6 15. Bxc6+ bxc6 16. Qc4 Qd5 17. Qxa6 O-O 18. Rd1 h5 19. Nc3 Qf5 20. Qd3 Qh3 21.
Qf1 Qg4 22. Qe2 Qh3 23. Qf1 Qf5 24. Qd3 Qa5 25. Qe2 h4 26. Bf4 Rb3 27. Rd2 h3 28. Qc4 Qb6 29. a5 Qb4 30. Qxb4 Bxb4 31. a6 Nd5 32.
Nxd5 cxd5 33. Rc2 Ra8 34. a7 Be7 35. Bb8 Bf6 36. Rc8+ Kh7 37. Rc7 Kg6 38. Rd1 Rxb2 39. Kf1 Rb4 40. Rc2 Bxd4 41. Ra2 Rb7 42. Rxd4 Kf5 43.
Rda4 e5 44. Ke2 d4 45. f3 f6 46. g4+ Kf4 47. Kd3 Kxf3 48. Kc4 Kxg4 49. Kd5 Kf5 50. Kc6 Rb1 51. Ra6 d3 52. Rb6 Rxa7 53. Bxa7 Rc1+ 54. Kd5 Re1 55. Rf2+ Kg4 56. Rb3 e4 57. Be3 Rxe3 58.
Kd4 Re1 59. Rbb2 f5 60. Rb6 g5 61. Rf6 f4 62. Re6 e3 63. Rb2 d2 0-1

[Event "*** Titled Tuesday Blitz"]
[Site "Chess.com"]
[Date "2019.08.06"]
[Round "4"]
[White "johnathan113"]
[Black "slowdgehammer"]
[Result "1-0"]
[WhiteElo "2693"]
[BlackElo "2424"]
[TimeControl "180+2"]
[EndTime "13:52:33 PDT"]
[Termination "johnathan113 won by resignation"]

1. e4 c5 2. Nf3 e6 3. d4 cxd4 4. Nxd4 Nf6 5. Nc3 Nc6 6. Ndb5 Bc5 7. Bf4 O-O 8. Bc7 Qe7 9. Bd6 Bxd6 10. Qxd6 Qd8 11. O-O-O a6 12. Nd4 Qb6 13. f3 Ne8 14. Na4 Qa5 15. Nxc6 bxc6 16. Qa3 d5 17. b3 Nf6 18. e5 Nd7 19. f4 c5 20. h4 Qc7 21. h5 f6 22. h6 g6 23. exf6 Rxf6 24. g3 Bb7 25. Bh3 Re8 26. Rhe1 d4 27. Bg4 Bd5 28.
Rd2 Rf7 29. c4 Bb7 30. Bxe6 Kh8 31. Rde2 Rfe7 32. Qb2 Bf3 33. Re3 Bg4 34. Bxd7 Rxe3 35.
Rxe3 Rxe3 36. Bxg4 Qe7 37. Qd2 Rxg3 38. Bd1 Kg8 39.
b4 Ra3 40. Nxc5 a5 41. Qxd4 axb4 42. Qd5+ Kf8 43. Ne6+ Ke8 44. Ng7+ Kf8 45. Ne6+ Ke8 46. Bb3 Qf6 47. c5 Qa1+ 48. Kd2 Qb2+ 49. Ke1 Qc1+ 50. Kf2 Qb2+ 51. Kf3 Qc3+ 52. Kg4 Qf6 53. Qc6+ Ke7 54.
Qd6+ Ke8 55. Ng7+ 1-0

[Event "*** Titled Tuesday Blitz"]
[Site "Chess.com"]
[Date "2019.08.06"]
[Round "4"]
[White "ClockworkKubrick"]
[Black "Saloni1299"]
[Result "0-1"]
[WhiteElo "2177"]
[BlackElo "2019"]
[TimeControl "180+2"]
[EndTime "13:52:33 PDT"]
[Termination "Saloni1299 won by resignation"]

1. e4 e6 2. Nc3 d5 3. Nf3 Nf6 4. e5 Nfd7 5. d4 c5 6. Be3 Nc6 7. Bb5 Qb6 8. Bxc6 bxc6 9. dxc5 Bxc5 10. Bxc5 Nxc5 11. O-O Qxb2 12. Qd4 Nd7 13. Rab1 Qxc2 14.
Rfc1 Qg6 15. Na4 O-O 16. Rb3 Ba6 17. Rxc6 Bc4 18. Rb2 Rfb8 19. Rxb8+ Rxb8 20. h3 Bb5 21. Rc7 Qe4 22. Qxa7 Qxa4 23. Rxd7 Ra8 24. Qxa4 Bxa4 25. Rc7 Be8 26. Nd4 Rxa2 27. Rc8 Kf8 28. Nb5 Ke7 29.
Rc7+ Kd8 30. Rc5 Ra5 31. Nd6 Rxc5 32. Nb7+ Kc7 33. Nxc5 Kc6 34. Nd3 Kb5 35. Kf1 Kc4 36.
Ke2 Kd4 37. Kd2 Bb5 38. Nf4 Kxe5 39. g3 Ke4 40. Nh5 Kf3 41. Ke1 g6 42. Nf6 h5 43.
h4 d4 44. Nh7 Be8 45. Ng5+ Kg4 46. Kd2 Kf5 47. Kd3 f6 48. Nf3 e5 49. Nd2 Bb5+ 50. Kc2 e4 51. Nb3 Ke5 52. Kd2 f5 53.
Nc5 f4 54. gxf4+ Kxf4 55. Ne6+ Kf3 56. Nxd4+ Kxf2 57. Nxb5 e3+ 58. Kd3 e2 59. Nc3 e1=Q 60. Ne4+ Kg2 61. Ng5 Qxh4 62. Ne4 Qxe4+ 63. Kxe4 h4 64.
Kf4 h3 0-1

[Event "*** Titled Tuesday Blitz"]
[Site "Chess.com"]
[Date "2019.08.06"]
[Round "4"]
[White "kinga2008"]
[Black "FredddieCroderg"]
[Result "1-0"]
[WhiteElo "1931"]
[BlackElo "2150"]
[TimeControl "180+2"]
[EndTime "13:52:42 PDT"]
[Termination "kinga2008 won by checkmate"]

1. e4 c6 2. d4 d5 3. e5 Bf5 4. Nc3 e6 5. g4 Bg6 6. Nge2 c5 7. Be3 Nc6 8. Nf4 cxd4 9. Bxd4 Nge7 10. h4 Nxd4 11.
Qxd4 Nc6 12. Bb5 a6 13. Bxc6+ bxc6 14. h5 Bxc2 15. Rc1 c5 16. Qd2 Be4 17. Nxe4 dxe4 18.
Qe3 Qd4 19. Qxd4 cxd4 20. Ke2 Be7 21. Rc4 Bg5 22. Nh3 d3+ 23. Kd1 Be7 24. Rxe4 O-O 25.
Kd2 Rab8 26. b3 Rfd8 27. Rd1 Bb4+ 28. Ke3 d2 29. Nf4 a5 30. Nd3 Bc3 31. Rc4 Rbc8 32. Rxc8 Rxc8 33. f4 h6 34. Nf2 Bb4 35. Nd3 Rc3 36.
Ke2 Be7 37. Kxd2 Rc8 38. Rc1 Rd8 39. Rc7 Bb4+ 40. Ke3 Bf8 41. Ra7 Rd5 42. Ke4 Ba3 43. f5 Bf8 44. fxe6 fxe6 45. Nf4 Rb5 46. Nxe6 Rb4+ 47.
Kf5 Rb8 48. Nxf8 Rxf8+ 49. Kg6 Re8 50. Rxg7+ Kh8 51. Rh7+ Kg8 52. Rxh6 Rxe5 53. g5 Re2 54. Kf6 Rxa2 55. Rg6+ Kh7 56. Rg7+ Kh8 57. h6 Rb2 58.
Rb7 a4 59. Rb8+ Kh7 60. g6+ Kxh6 61. Rh8# 1-0

[Event "*** Titled Tuesday Blitz"]
[Site "Chess.com"]
[Date "2019.08.06"]
[Round "4"]
[White "TregubovP"]
[Black "Rhemmy"]
[Result "1/2-1/2"]
[WhiteElo "2508"]
[BlackElo "2503"]
[TimeControl "180+2"]
[EndTime "13:52:42 PDT"]
[Termination "Game drawn by repetition"]

1. e4 e5 2. Nf3 Nc6 3. Bb5 a6 4.
Ba4 b5 5. Bb3 Na5 6. Nxe5 Nxb3 7.
axb3 Qe7 8. d4 d6 9. Nf3 Qxe4+ 10.
Be3 Bf5 11. Nc3 Qxc2 12. Qxc2 Bxc2 13. Nxb5 Rc8 14. Rxa6 Ne7 15. Ra7 Kd7 16. Kd2 Bxb3 17. Rc1 Nc6 18. Rb7 Bd5 19. Nc3 Na5 20. Ra7 Nb3+ 21.
Kc2 Bxf3 22. Kxb3 Bxg2 23. Nb5 Bd5+ 24. Kb4 Bc6 25. d5 Bxb5 26. Kxb5 Be7 27. Bb6 Bd8 28. Ba5 Re8 29. Rc2 Re5 30. Kc4 Ke8 31. Bc3 Rg5 32. Re2+ Kd7 33. b4 Rg4+ 34. Kd3 Rb8 35. f3 Rg6 36.
Kc4 Bf6 37. Bxf6 Rxf6 38. b5 Rxf3 39. Rb2 Rf4+ 40. Kd3 Rb6 41. Ke3 Rh4 42. Rc2 Ke7 43.
Rcxc7+ Kf6 44. Rxf7+ Ke5 45. Rxg7 Rh3+ 46. Kf2 Rxh2+ 47.
Kg3 Rh5 48. Rxh7 Rxh7 49. Rxh7 Rxb5 50. Kf3 Rb3+ 51. Ke2 Kxd5 52. Kd2 Ra3 53. Rh4 Kc5 54. Rg4 d5 55. Rh4 Rg3 56. Rf4 Rg2+ 57. Kd3 Rg3+ 58. Kd2 Rh3 59. Rg4 d4 60. Rg8 Rh2+ 61. Kd3 Rh3+ 62.
Kd2 Kc4 63. Rc8+ Kd5 64. Rd8+ Kc4 65. Rc8+ Kd5 66. Rd8+ Kc4 67. Rc8+ 1/2-1/2